 Dungeon Crawl Stone Soup version 0.21.1 (webtiles) character file.

45 Megalobster the Ruffian (level 3, -5/31 HPs)
             Began as a Ghoul Monk on Feb 3, 2018.
             Killed from afar by Robin (7 damage)
             ... with an exploding inner flame
             ... hexed by the player character
             ... on level 2 of the Dungeon.
             The game lasted 00:03:04 (1017 turns).

Megalobster the Ruffian (Ghoul Monk)                Turns: 1017, Time: 00:03:05

Health: -5/31      AC:  3    Str: 15    XL:     3   Next: 64%
Magic:  2/2        EV: 12    Int: 15    God:
Gold:   96         SH:  0    Dex: 11    Spells: 2/2 levels left

rFire    + . .     SeeInvis .     - Unarmed
rCold    + + +     Gourm    .   (no shield)
rNeg     + + +     Faith    .   a - +0 robe
rPois    ∞         Spirit   .   (no helmet)
rElec    +         Reflect  .   (no cloak)
rCorr    +         Harm     .   (no gloves)
MR       .....                  i - +0 pair of boots
Stlth    ++........             (no amulet)
HPRegen  0.00/turn              d - ring of protection from cold
MPRegen  0.08/turn              m - +5 ring of intelligence

@: brilliant, resistant, rotting
A: rotting body, claws 1, carnivore, cold resistance 1, negative energy
resistance 3, inhibited regeneration, torment resistance, unbreathing
a: no special abilities


You were on level 2 of the Dungeon.
You were not hungry.

You visited 1 branch of the dungeon, and saw 2 of its levels.

You collected 96 gold pieces.

Inventory:

Missiles
 h - 8 stones (quivered)
Armour
 a - a +0 robe (worn)
 i - a +0 pair of boots (worn)
Jewellery
 d - a ring of protection from cold (left claw)
 m - a +5 ring of intelligence (right claw)
Scrolls
 j - a scroll of blinking {unknown}
 k - a scroll of fear {unknown}
 l - a scroll of enchant armour {unknown}
Potions
 f - a potion of brilliance
Comestibles
 b - 2 rations


   Skills:
 - Level 3.2 Fighting
 - Level 2.6 Dodging
 - Level 2.1 Stealth
 * Level 5.0 Unarmed Combat


You had 2 spell levels left.
You didn't know any spells.

Dungeon Overview and Level Annotations

Branches:
Dungeon (2/15)

Altars:
Cheibriados
Nemelex Xobeh


Innate Abilities, Weirdness & Mutations

Your body is rotting away.
You thrive on raw meat.
You are immune to poison.
You have sharp fingernails.
You are carnivorous and can eat meat at any time.
Your flesh is cold resistant. (rC+)
You are immune to negative energy. (rN+++)
You do not regenerate when monsters are visible.
You are immune to unholy pain and torment.
You can survive without breathing.


Message History

You barely miss Robin. You claw Robin.
Robin is heavily wounded.
The goblin no longer looks unusually strong.
The goblin hits you with a dagger.
* * * LOW HITPOINT WARNING * * *
You take 2 damage, and have 2/31 hp.
You claw Robin!
Robin explodes!
The fiery explosion engulfs the goblin.
The goblin explodes!
The fiery explosion engulfs the goblin.
The goblin explodes!
You feel a bit more experienced.
You hear an explosion!
You feel a bit more experienced. x2
The fiery explosion engulfs the hobgoblin.
The hobgoblin explodes!
Your Unarmed Combat skill increases to level 5!
The fiery explosion engulfs you! You resist.
You die...

## ######....## # ..
.........### #. .#
#####..#+#. ##. .###
#)###._ .§§
%#.#######..#'#.
##§##§.#..........###
#..§§§# #.####.....##
#§## ##.# #.##...#
#@g###.# ##.###...
###.#..# #......##
##.#.###.(###.##
###............
#.###..###.#. .
####....>.###.#. ...
....###.##.....
.....##.####.##.###.
................# #.


You could see a goblin (inner flame).

Vanquished Creatures
  An ooze (D:2)
  A worm (D:2)
  A dart slug (D:2)
  A ball python (D:2)
  6 bats
  A giant cockroach (D:1)
  8 goblins
  5 hobgoblins
  4 kobolds
  A quokka (D:2)
  A frilled lizard (D:1)
  4 rats (D:1)
34 creatures vanquished.

Notes
Turn   | Place    | Note
-------+----------+-------------------------------------------
     0 | D:1      | Megalobster the Ghoul Monk began the quest for the Orb.
     0 | D:1      | Reached XP level 1. HP: 19/19 MP: 0/0
   227 | D:1      | Reached XP level 2. HP: 26/26 MP: 1/1
   286 | D:1      | Reached skill level 4 in Unarmed Combat
   549 | D:1      | Found a snail-covered altar of Cheibriados.
   649 | D:2      | Reached XP level 3. HP: 20/31 MP: 2/2
   931 | D:2      | Found a sparkling altar of Nemelex Xobeh.
  1000 | D:2      | Noticed Robin
  1017 | D:2      | Killed Robin
  1017 | D:2      | Reached skill level 5 in Unarmed Combat
  1017 | D:2      | Killed from afar by Robin

Skill      XL: |  1  2  3 |
---------------+----------+-----
Unarmed Combat | 4 5 |  5.0
Fighting       | |  3.2
Dodging        | |  2.6
Stealth        | |  2.1

Action                   || total
-------------------------++-------
Melee: Unarmed           ||    92
       Punch             ||     3
  Use: Potion            ||     3
       Scroll            ||     1
 Stab: Sleeping          ||     3
  Eat: Chunk             ||     5
Armor: Robe              ||    17
Dodge: Dodged            ||    65
